Map: Old Republic LE

Players

HoldTheDoor

  • Race: Protoss Protoss
  • League: Diamond
  • Spawn Location: 7:00

Smithkj - Winner!

  • Race: Protoss Protoss
  • League: Platinum
  • Spawn Location: 1:00

VOD

Have the link to the VOD?

Description

Time

  • Played on: May 2, 2026, 12:56 p.m.
  • Length: 7:43
Show
View Real Time Build Order
Export as new Build Order

HoldTheDoor Protoss 

Build Orders:  

Get SALT Encoding   

  12  0:00  Probe  
  13  0:12  Probe  
  14  0:17  Pylon  
  14  0:23  Probe  
  15  0:31  Probe  
  15  0:39  Gateway, Probe  
  16  0:49  Assimilator  
  17  0:50  Probe  
  18  1:03  Probe  
  18  1:04  Pylon  
  19  1:14  Assimilator  
  19  1:15  Probe  
  20  1:27  Probe, Cybernetics Core  
  21  1:39  Probe  
  22  1:41  Pylon  
  22  1:45  Warp Gate  
  22  1:49  Pylon  
  22  1:55  Gateway  
  22  1:59  Probe  
  22  2:00  Stalker  
  25  2:11  Gateway  
  25  2:21  Probe, Shield Battery  
  26  2:33  Probe  
  26  2:34  Sentry  
  29  2:43  Stalker  
  29  2:45  Probe  
  32  2:51  Pylon  
  31  3:15  Stalker  
  32  4:04  Robotics Facility  
  32  4:05  Pylon  
  32  4:13  Nexus  
  32  4:14  Pylon  
  32  4:16  Pylon  
  32  4:18  Pylon  
  32  4:24  Probe  
  33  4:27  Pylon  
  33  4:29  Stalker x2  
  37  4:36  Probe  
  38  4:43  Immortal  
  38  4:48  Probe  
  38  4:50  Gateway  
  38  4:51  Gateway  
  43  5:00  Sentry, Probe  
  43  5:03  Sentry  
  48  5:12  Probe  
  49  5:15  Warp Prism  
  49  5:24  Probe  
  52  5:29  Stalker  
  48  5:44  Stalker x2  
  48  5:45  Probe  
  48  5:46  Probe  
  54  6:00  Stalker x2  
  47  6:12  Shield Battery  
  47  6:13  Stalker  
  47  6:14  Shield Battery  
  49  6:23  Stalker  
  49  6:25  Sentry  
  53  6:32  Probe  
  54  6:33  Probe  
  54  6:35  Stalker  
  54  6:39  Sentry  
  59  6:43  Immortal  
  59  6:44  Probe  
  59  6:45  Probe  
  65  6:56  Probe  
  65  7:00  Probe  
  67  7:10  Stalker x3  
  67  7:14  Sentry  
  75  7:24  Twilight Council  
  75  7:26  Forge  
Show
View Real Time Build Order
Export as new Build Order

Smithkj Protoss - Winner!

Build Orders: Blink Stalkers, Zealot Archon 

Get SALT Encoding   

  1  0:00  Probe  
  12  0:06  Probe  
  14  0:20  Pylon  
  14  0:21  Probe  
  15  0:38  Gateway, Probe  
  15  0:42  Assimilator  
  16  0:50  Probe  
  17  0:59  Assimilator, Probe  
  18  1:07  Probe  
  18  1:11  Gateway  
  18  1:17  Probe  
  19  1:24  Pylon  
  20  1:29  Probe  
  21  1:36  Pylon  
  21  1:42  Cybernetics Core  
  21  1:43  Probe  
  22  1:56  Probe  
  24  2:08  Probe  
  24  2:15  Pylon, Stalker x2  
  24  2:20  Warp Gate  
  28  2:25  Twilight Council  
  28  2:31  Probe  
  29  2:40  Shield Battery  
  29  2:45  Gateway  
  29  2:49  Stalker  
  31  3:01  Stalker  
  33  3:19  Stalker  
  35  3:32  Blink  
  33  4:08  Stalker x3  
  39  4:24  Nexus  
  39  4:27  Robotics Facility  
  39  4:34  Stalker x3  
  45  4:46  Probe  
  45  4:51  Pylon  
  46  5:08  Pylon  
  46  5:09  Stalker x2  
  46  5:11  Stalker  
  52  5:25  Forge  
  52  5:26  Probe  
  49  5:38  Probe  
  49  5:41  Probe  
  47  5:44  Stalker  
  47  5:46  Stalker  
  51  5:50  Probe  
  48  6:08  Probe x2  
  48  6:18  Probe  
  48  6:20  Probe  
  48  6:24  Nexus  
  50  6:26  Pylon  
  50  6:32  Probe  
  50  6:33  Probe  
  50  6:36  Assimilator  
  50  6:38  Assimilator  
  52  6:46  Probe  
  53  6:53  Probe, Templar Archives  
  53  6:58  Probe  
  53  7:01  Probe  
  55  7:08  Shield Battery  
  56  7:09  Probe  
  56  7:10  Probe  
  58  7:16  Pylon  
  58  7:18  Observer  
  58  7:21  Probe  
  61  7:22  Probe  
  61  7:30  High Templar x2  
  67  7:39  Gateway  
  67  7:41  Archon  
  67  7:42  Gateway  
Tags
 
Add a new tag
Caveats
  • Supply blocks, unpowered buildings, or Contaminate may cause inaccurate times.
  • Supply counts are checked every 10 seconds.